 Dungeon Crawl Stone Soup version 0.28.0-45-g0d030f2227 (webtiles) character file.

Game seed: 3581489807932299116

37 NinjaNoafa the Cudgeller (level 3, 0/24 (25) HPs)
             Began as a Gnoll Wanderer on Apr 11, 2022.
             Slain by a hobgoblin (2 damage)
             ... on level 2 of the Dungeon.
             The game lasted 00:04:00 (2934 turns).

NinjaNoafa the Cudgeller (Gnoll Wanderer)           Turns: 2934, Time: 00:04:01

HP:   0/24 (25)     AC:  3    Str: 13    XL:     3   Next: 41%
MP:   7/7           EV:  9    Int: 12    God:
Gold: 19            SH:  0    Dex: 10    Spells: 4/7 levels left

rFire   . . .      SeeInvis .   f - +0 short sword (freeze)
rCold   . . .      Faith    .   (no shield)
rNeg    . . .      Spirit   .   c - +0 robe
rPois   .          Reflect  .   (no helmet)
rElec   .          Harm     .   (no cloak)
rCorr   .          Rampage  .   (no gloves)
Will    .....                   b - +0 pair of boots
Stlth   ++........              (no amulet)
HPRegen 0.08/turn               (no ring)
MPRegen 0.10/turn               (no ring)

@: constricted, lightly drained
A: fangs 1, strong nose, distributed training
a: no special abilities


You were on level 2 of the Dungeon.
You visited 1 branch of the dungeon, and saw 2 of its levels.

You collected 19 gold pieces.

Inventory:

Hand Weapons
 a - a +0 mace
 f - a +0 short sword of freezing (weapon)
Missiles
 g - a stone
Armour
 b - a +0 pair of boots (worn)
 c - a +0 robe (worn)
Magical Staves
 h - a staff of death
Scrolls
 d - a scroll of teleportation {unknown}
 i - a scroll of identify {unknown}
Potions
 e - a potion of curing {unknown}


   Skills:
 + Level 0.8 Fighting
 + Level 0.8 Short Blades
 + Level 0.8 Long Blades
 + Level 0.8 Axes
 + Level 6.5 Maces & Flails
 + Level 0.8 Polearms
 + Level 0.8 Staves
 + Level 0.8 Slings
 + Level 0.8 Bows
 + Level 0.8 Crossbows
 + Level 0.8 Throwing
 + Level 2.6 Armour
 + Level 2.6 Dodging
 + Level 2.4 Stealth
 + Level 0.8 Shields
 + Level 0.8 Unarmed Combat
 + Level 2.8 Spellcasting
 + Level 0.5 Conjurations
 + Level 0.5 Hexes
 + Level 0.5 Summonings
 + Level 5.4 Necromancy
 + Level 0.5 Translocations
 + Level 0.5 Transmutations
 + Level 0.5 Fire Magic
 + Level 0.5 Ice Magic
 + Level 0.5 Air Magic
 + Level 0.5 Earth Magic
 + Level 0.5 Poison Magic
 + Level 1.0 Invocations
 + Level 0.8 Evocations


You had 4 spell levels left.
You knew the following spells:

 Your Spells              Type           Power      Damage    Failure   Level
a - Animate Skeleton      Necr           28%        N/A       2%          1
b - Sublimation of Blood  Necr           14%        N/A       4%          2

Your spell library contained the following spells:

 Spells                   Type           Power      Damage    Failure   Level
 Anguish                  Hex/Necr       4%         N/A       58%         4


Dungeon Overview and Level Annotations

Branches:
Dungeon (2/15)

Altars:


Innate Abilities, Weirdness & Mutations

You have very sharp teeth.
Your uncanny sense of smell can sniff out nearby items.
Your experience applies equally to all skills.


Message History

The giant cockroach closely misses you. The hobgoblin barely misses you.
The hobgoblin hits you.
You hit the hobgoblin. You freeze the hobgoblin.
You kill the hobgoblin!
The quokka bites you but does no damage.
The giant cockroach bites you.
A ball python comes into view.
The hobgoblin hits you but does no damage.
The quokka bites you but does no damage.
Your Invocations skill increases to level 1!
You hit the quokka. You freeze the quokka.
The quokka is heavily wounded.
The giant cockroach completely misses you.
The hobgoblin hits you. The quokka completely misses you.
The giant cockroach bites you but does no damage.
You hit the hobgoblin. You freeze the hobgoblin.
Your bite misses the hobgoblin.
The hobgoblin is almost dead.
The quokka bites you. The hobgoblin barely misses you.
The giant cockroach bites you.
You barely miss the quokka.
The quokka is heavily wounded.
The quokka barely misses you. The giant cockroach bites you.
* * * LOW HITPOINT WARNING * * *
The hobgoblin closely misses you. The ball python bites you.
* * * LOW HITPOINT WARNING * * *
The ball python barely misses you. The quokka misses you.
You hit the quokka. You freeze the quokka.
The quokka is almost dead.
The giant cockroach bites you but does no damage.
The ball python barely misses you. The ball python grabs you.
The ball python constricts you.
* * * LOW HITPOINT WARNING * * *
The hobgoblin hits you but does no damage.
The quokka bites you.
* * * LOW HITPOINT WARNING * * *
The giant cockroach closely misses you.
You closely miss the ball python. The ball python closely misses you.
The ball python constricts you. The hobgoblin hits you.
You die...

##....... ..
##.......##.##.
#................
.......$.#......
.##..............
.......r.........
......grB.#......
#....†@S.#......
##........#.....
#....##........
..>......<.....K>
.##.....†...#....
........##.# ...
......... .# ..
........# .#
...... #


You could see a quokka, a giant cockroach, a hobgoblin, a ball python and a rat.

Vanquished Creatures
  A dart slug (D:1)
  7 endoplasms (D:1)
  2 giant cockroaches (D:1)
  A goblin (D:1)
  5 hobgoblins
  4 ball pythons (D:1)
  5 bats
  3 frilled lizards (D:1)
  A kobold (D:1)
  2 rats (D:1)
  A spectral goblin (D:1)
32 creatures vanquished.

Notes
Turn   | Place    | Note
-------+----------+-------------------------------------------
     0 | D:1      | NinjaNoafa the Gnoll Wanderer began the quest for the Orb.
     0 | D:1      | NinjaNoafa set off with the following items: a +0 mace, a
                  | +0 pair of boots, a +0 robe; and the following spell
                  | memorised: Animate Skeleton; and the following spells
                  | available to memorise: Sublimation of Blood, Anguish
     0 | D:1      | Reached XP level 1. HP: 13/13 MP: 4/4
   582 | D:1      | Reached XP level 2. HP: 19/19 MP: 5/5
  1519 | D:1      | Learned a level 2 spell: Sublimation of Blood
  2109 | D:1      | Reached XP level 3. HP: 20/25 MP: 7/7
  2174 | D:1      | Found a faded altar of an unknown god.
  2930 | D:2      | Reached skill level 1 in Invocations
  2933 | D:2      | HP: 1/24 [quokka (4)]
  2934 | D:2      | Slain by a hobgoblin

Illustrated notes

Levels and vault maps discovered:
D:1:      dpeg_arrival_round_c, layout_basic,
          dreamdust_ecumenical_altar_drowned_temple, minmay_misc_feat_roman,
          grunt_decor_resistance
D:2:      layout_rooms, uniq_terence

Skill      XL: |  1  2  3 |
---------------+----------+-----
Invocations    | 1 |  1.0
Fighting       | |  0.8
Short Blades   | |  0.8
Long Blades    | |  0.8
Axes           | |  0.8
Maces & Flails | |  6.5
Polearms       | |  0.8
Staves         | |  0.8
Slings         | |  0.8
Bows           | |  0.8
Crossbows      | |  0.8
Throwing       | |  0.8
Armour         | |  2.6
Dodging        | |  2.6
Stealth        | |  2.4
Shields        | |  0.8
Unarmed Combat | |  0.8
Spellcasting   | |  2.8
Conjurations   | |  0.5
Hexes          | |  0.5
Summonings     | |  0.5
Necromancy     | |  5.4
Translocations | |  0.5
Transmutations | |  0.5
Fire Magic     | |  0.5
Ice Magic      | |  0.5
Air Magic      | |  0.5
Earth Magic    | |  0.5
Poison Magic   | |  0.5
Evocations     | |  0.8

Action                   || total
-------------------------++-------
Melee: Mace              ||    67
       Bite              ||     8
       Staff             ||    36
       Short sword       ||     6
 Cast: Animate Skeleton  ||     6
 Stab: Sleeping          ||     2
Armor: Robe              ||    47
Dodge: Dodged            ||    97
